Map: Ruins of Seras

Players

EZWarlordz

  • Race: Protoss Protoss
  • League: Master

Matiz - Winner!

  • Race: Zerg Zerg
  • League: Master

Event: Lycan League Weekly August #3

VOD

Have the link to the VOD?

Description

Time

  • Played on: Aug. 17, 2015, 12:58 p.m.
  • Length: 7:46

All games in this series

Show
View Real Time Build Order
Export as new Build Order

EZWarlordz Protoss 

Build Orders: Oracle Opening 

Get SALT Encoding   

  12  0:01  Probe  
  13  0:15  Pylon  
  13  0:21  Probe  
  14  0:37  Gateway  
  14  0:46  Probe (Chrono Boost)  
  16  0:58  Probe (Chrono Boost)  
  16  1:02  Assimilator  
  16  1:05  Probe (Chrono Boost)  
  16  1:11  Forge  
  17  1:16  Probe  
  18  1:28  Cybernetics Core, Probe (Chrono Boost)  
  19  1:38  Probe (Chrono Boost)  
  20  1:43  Zealot  
  22  1:50  Pylon  
  22  2:08  Probe  
  23  2:20  Mothership Core  
  25  2:25  Nexus  
  25  2:37  Photon Cannon  
  25  2:43  Assimilator  
  25  2:47  Adept  
  27  2:53  Pylon  
  27  3:09  Probe (Chrono Boost)  
  27  3:12  Stargate  
  28  3:19  Probe (Chrono Boost)  
  29  3:22  Warp Gate  
  29  3:26  Probe  
  30  3:27  Assimilator  
  30  3:39  Probe (Chrono Boost)  
  32  3:42  Probe (Chrono Boost)  
  32  3:51  Stalker  
  32  3:52  Probe (Chrono Boost)  
  35  3:58  Oracle (Chrono Boost)  
  38  4:05  Probe x2  
  40  4:20  Probe  
  40  4:21  Probe  
  42  4:26  Protoss Ground Weapons Level 1  
  42  4:27  Oracle (Chrono Boost)  
  45  4:33  Probe  
  45  4:36  Probe  
  47  4:40  Pylon  
  47  4:51  Oracle (Chrono Boost)  
  50  5:03  Gateway  
  50  5:06  Gateway  
  50  5:07  Probe x2 (Chrono Boost), Pylon  
  52  5:19  Probe x2 (Chrono Boost)  
  54  5:23  Gateway  
  54  5:25  Oracle (Chrono Boost)  
  57  5:36  Gateway  
  57  5:39  Gateway  
  57  5:45  Gateway  
  57  5:52  Adept  
  59  6:00  Probe x2  
  59  6:01  Pylon  
  61  6:15  Probe  
  61  6:16  Probe  
  61  6:19  Oracle (Chrono Boost)  
  61  6:23  Probe  
  66  6:29  Stalker x4  
  75  6:41  Pylon  
  75  6:43  Pylon  
  75  6:48  Pylon  
  75  7:05  Stalker x3  
  75  7:06  Stalker x2, Pylon  
  85  7:10  Adept  
  85  7:13  Adept  
  89  7:27  Adept x4, Pylon  
Show
View Real Time Build Order
Export as new Build Order

Matiz Zerg - Winner!

Build Orders: Hatch First 

Get SALT Encoding   

  12  0:02  Drone  
  13  0:13  Overlord  
  13  0:19  Drone  
  14  0:26  Extractor  
  14  0:27  Drone  
  15  0:31  Drone  
  16  0:36  Drone  
  17  0:57  Hatchery, Drone  
  17  1:01  Drone  
  18  1:14  Spawning Pool  
  18  1:17  Drone  
  18  1:20  Drone  
  19  1:29  Drone  
  19  1:30  Extractor  
  19  1:40  Drone  
  20  1:52  Hatchery  
  19  2:01  Queen  
  19  2:05  Zergling x2  
  22  2:09  Queen  
  24  2:16  Zergling x2  
  24  2:20  Drone x2  
  27  2:24  Drone  
  28  2:33  Metabolic Boost  
  28  2:38  Overlord  
  28  2:45  Overlord  
  28  2:58  Drone x5  
  33  3:04  Drone  
  34  3:06  Drone  
  34  3:10  Drone x2  
  34  3:11  Drone x3  
  40  3:19  Drone x4  
  43  3:23  Drone  
  43  3:24  Drone  
  45  3:31  Overlord, Queen  
  47  3:34  Zergling x2  
  47  3:36  Drone  
  47  3:39  Drone  
  50  3:51  Overlord, Drone x2  
  50  3:52  Drone x4  
  56  3:57  Overlord  
  56  3:58  Zergling x2  
  56  4:03  Zergling x2  
  56  4:05  Drone  
  58  4:10  Drone x2  
  58  4:13  Drone x3, Overlord  
  58  4:14  Roach Warren  
  58  4:16  Extractor  
  61  4:19  Spore Crawler  
  61  4:21  Spore Crawler x2  
  61  4:22  Queen  
  60  4:27  Lair  
  60  4:29  Drone x2, Extractor  
  60  4:30  Drone x2  
  63  4:35  Overlord, Drone  
  64  4:39  Drone x2  
  64  4:40  Drone x3  
  64  4:43  Drone x2  
  64  4:45  Drone  
  72  4:46  Drone x2  
  72  4:50  Overlord  
  74  4:56  Evolution Chamber  
  74  4:58  Drone  
  74  5:01  Extractor  
  74  5:04  Drone x5  
  74  5:05  Drone x2, Extractor  
  74  5:06  Extractor  
  78  5:07  Drone  
  78  5:08  Drone  
  78  5:09  Overlord  
  78  5:10  Drone x2  
  82  5:16  Drone x2  
  82  5:19  Queen x2  
  88  5:24  Zerg Missile Weapons Level 1  
  88  5:25  Glial Reconstitution  
  88  5:27  Hydralisk Den  
  87  5:30  Queen  
  87  5:35  Overlord  
  89  5:39  Roach x4  
  89  5:40  Overlord  
  97  5:49  Drone  
  98  5:50  Overlord x5  
  98  5:57  Muscular Augments  
  98  5:59  Queen x2  
  98  6:01  Hydralisk  
  104  6:04  Hydralisk x2  
  104  6:10  Hydralisk x2  
  111  6:14  Queen  
  111  6:15  Hydralisk x2  
  117  6:20  Hydralisk  
  117  6:21  Hydralisk  
  117  6:22  Hydralisk  
  123  6:28  Overlord  
  123  6:30  Hydralisk x3  
  129  6:38  Spore Crawler, Nydus Network  
  127  6:41  Spore Crawler  
  127  6:44  Hydralisk x2  
  127  6:45  Hydralisk x2  
  134  6:52  Drone x2  
  136  6:54  Hydralisk x3  
  136  6:59  Hydralisk x2  
  146  7:16  Overlord, Hydralisk  
  146  7:17  Hydralisk x4  
  146  7:20  Overseer  
  146  7:21  Hydralisk  
  146  7:22  Overlord  

Tags
 
Add a new tag
Caveats
  • Supply blocks, unpowered buildings, or Contaminate may cause inaccurate times.
  • Supply counts are checked every 10 seconds.